 Dungeon Crawl Stone Soup version 0.21-a0-157-gb89e0e2 (webtiles) character file.

12002 namelastname112 the Summoner (level 11, -6/95 HPs)
             Began as a Yellow Draconian Summoner on Aug 4, 2017.
             Was a Priest of Sif Muna.
             Mangled by a freezing wraith (13 damage)
             ... in an ice cave.
             The game lasted 00:24:57 (12265 turns).

namelastname112 the Summoner (DrSu)                Turns: 12265, Time: 00:24:57

Health: -6/95      AC: 12    Str: 11    XL:     11   Next: 56%
Magic:  16/22      EV: 17    Int: 18    God:    Sif Muna [***...]
Gold:   411        SH:  0    Dex: 14    Spells: 12/25 levels left

rFire    . . .     SeeInvis .   w - +5 falchion of the Whelk {speed, Dex+2}
rCold    . . .     Gourm    .   (no shield)
rNeg     . . .     Faith    .   (armour unavailable)
rPois    +         Spirit   .   (helmet restricted)
rElec    .         Reflect  .   r - +1 cloak {rPois}
rCorr    +         Harm     .   (no gloves)
MR       .....                  (no boots)
Stlth    ++........             (no amulet)
HPRegen  0.25/turn              u - +5 ring of slaying
MPRegen  0.18/turn              y - +3 ring of protection

@: slowed, very slow
A: spit acid, acid resistance, unfitting armour, beak, screaming 1,
cold-blooded, AC +7
a: Breathe Acid, Divine Energy, Channel Magic, Renounce Religion


You were in an ice cave.
You worshipped Sif Muna.
Sif Muna was most pleased with you.
You were not hungry.

You visited 2 branches of the dungeon, and saw 12 of its levels.
You also visited: Bailey and Ice Cave.

You collected 411 gold pieces.

Inventory:

Hand Weapons
 c - a +0 dagger
 q - a +4 quarterstaff of chaos
 w - the +5 falchion of the Whelk (weapon) {speed, Dex+2}
   (You found it on level 4 of the Dungeon)

   Attacks with this weapon are significantly faster.
   It affects your dexterity (+2).
Armour
 r - a +1 cloak of poison resistance (worn)
Jewellery
 u - a +5 ring of slaying (left hand)
 y - a +3 ring of protection (right hand)
 D - an uncursed ring of protection from fire
Wands
 h - a wand of acid (2/15)
 k - a wand of confusion (26/48)
 s - a wand of disintegration (2/24)
 v - a wand of random effects (13/48)
 B - a wand of polymorph (12/24)
Scrolls
 f - 2 scrolls of enchant weapon
 m - 5 scrolls of teleportation
 o - 2 scrolls of remove curse
 p - 2 scrolls of fog
 F - a scroll of identify
Potions
 d - a potion of haste
 g - 2 potions of magic
 i - 2 potions of resistance
 l - a potion of invisibility
 t - a potion of lignification
 E - 2 potions of agility
Books
 a - a book of Callings

   Spells                             Type                      Level
   a - Summon Small Mammal            Summoning                    1
   b - Call Imp                       Summoning                    2
   c - Call Canine Familiar           Summoning                    3
   d - Summon Guardian Golem          Hexes/Summoning              3
   e - Summon Lightning Spire         Summoning/Air                4
   f - Summon Ice Beast               Ice/Summoning                4
 z - a book of Cantrips

   Spells                             Type                      Level
   a - Confusing Touch                Hexes                        1
   b - Animate Skeleton               Necromancy                   1
   c - Summon Small Mammal            Summoning                    1
   d - Apportation                    Translocation                1
Comestibles
 b - 9 bread rations
 j - 8 fruits
 x - 7 meat rations


   Skills:
 + Level 8.8 Fighting
 + Level 7.9 Dodging
 - Level 1.7 Stealth
 + Level 7.8 Spellcasting
 * Level 12.0 Summonings
 + Level 3.4 Invocations


You had 12 spell levels left.
You knew the following spells:

 Your Spells              Type           Power        Failure   Level  Hunger
a - Summon Ice Beast      Ice/Summ       ####....     9%          4    ###....
c - Summon Lightning Spi  Summ/Air       ####....     9%          4    ###....
x - Call Canine Familiar  Summ           ######..     1%          3    #......
z - Call Imp              Summ           ######..     1%          2    None


Dungeon Overview and Level Annotations

Branches:
Dungeon (11/15)            Temple (1/1) D:7            Lair (0/6) D:8
    Orc: D:9-12

Altars:
Ashenzari
Cheibriados
Dithmenos
Elyvilon
Fedhas
Gozag
Hepliaklqana
Kikubaaqudgha
Makhleb
Nemelex Xobeh
Okawaru
Qazlal
Ru
Sif Muna
Trog
Uskayaw
Vehumet
Wu Jian
Xom
Yredelemnul
Zin
The Shining One

Shops:
D:9 (


Innate Abilities, Weirdness & Mutations

You can spit globs of acid.
You are resistant to acid.
Your golden yellow scales are hard. (AC +7)
You cannot fit into any form of body armour.
You are cold-blooded and may be slowed by cold attacks.
You have a beak for a mouth.
You occasionally shout uncontrollably at your foes.


Message History

The freezing wraith hits you!
* * * LOW HITPOINT WARNING * * *
The freezing wraith freezes you!
* * * LOW HITPOINT WARNING * * *
The freezing wraith hits you.
* * * LOW HITPOINT WARNING * * *
The freezing wraith drains your vigour!
You feel as though you will be slow longer.
The freezing wraith misses you. The freezing wraith closely misses you.
You take 18 damage, and have 14/95 hp.
Okay, then.
The freezing wraith closely misses you.
You riposte.
You closely miss the freezing wraith.
The freezing wraith is heavily damaged.
The freezing wraith hits you but does no damage.
The freezing wraith hits you!
* * * LOW HITPOINT WARNING * * *
The freezing wraith freezes you!
You feel as though you will be slow longer.
You die...

#....W.W#
##..###...# ##8.##
...# ##..## ...#
#...# W.. #####
##..# .. ####...###
###...# .
##........###.W..##
##............@..##
#.............####
#............##
##..........##
##.#....#.##
####..#### #..##
##..## ##..#


You could see a freezing wraith.

Vanquished Creatures
  A two-headed ogre (D:8)
  2 orc knights (Bailey)
  Pikel (D:5)
  2 freezing wraiths (IceCv)
  A wolf spider simulacrum (IceCv)
  5 hippogriffs
  Sigmund (D:6)
  12 yaks
  A wyvern (D:9)
  2 hungry ghosts
  A steam dragon (D:10)
  3 water moccasins
  5 ice beasts
  9 orc warriors
  2 slaves (D:5)
  3 phantoms
  A necrophage (D:6)
  2 sky beasts (D:6)
  4 eyes of draining
  4 ogres
  7 centaurs
  5 bullfrogs
  3 scorpions
  4 killer bees (D:8)
  3 howler monkeys (D:7)
  6 crimson imps
  A bullfrog skeleton (D:11)
  5 hounds
  4 jellies
  3 orc priests
  A centaur skeleton (D:8)
  Ijyb (D:5)
  4 worker ants
  3 iguanas
  7 orc wizards
  A wolf simulacrum (IceCv)
  2 hound zombies
  A hound skeleton (D:5)
  A worker ant zombie (D:8)
  16 gnolls
  9 adders
  6 shadow imps
  11 white imps
  An ooze (D:1)
  An adder zombie (D:8)
  An adder skeleton (D:5)
  3 worms
  13 dart slugs
  4 leopard geckos
  43 orcs
  6 giant cockroaches
  24 goblins
  15 hobgoblins
  3 jackals
  5 quokkas
  2 ball pythons
  6 bats
  3 frilled lizards
  6 kobolds
  2 quokka skeletons
  A quokka zombie (D:6)
  5 rats
  A butterfly (D:7)
311 creatures vanquished.

Vanquished Creatures (collateral kills)
  Psyche (D:8)
  A freezing wraith (IceCv)
  A merfolk (D:9)
  4 yaks
  2 ice beasts (IceCv)
  5 orc warriors (Bailey)
  A centaur (D:8)
  An ogre (D:8)
  A scorpion (D:8)
  2 crimson imps (D:8)
  A hound (D:8)
  Crazy Yiuf (D:2)
  An orc priest (D:8)
  2 iguanas
  A polar bear simulacrum (IceCv)
  A wolf simulacrum (IceCv)
  4 gnolls
  An adder (D:2)
  6 white imps
  6 orcs
  A bat (D:2)
  4 goblins (Bailey)
  3 hobgoblins
  3 jackals (D:2)
  2 ball pythons
56 creatures vanquished.

Vanquished Creatures (others)
  A scorpion (D:4)
  An orc (D:10)
2 creatures vanquished.

Grand Total: 369 creatures vanquished

Notes
Turn   | Place    | Note
-------+----------+-------------------------------------------
     0 | D:1      | namelastname112 the Draconian Summoner began the quest for the Orb.
     0 | D:1      | Reached XP level 1. HP: 14/14 MP: 3/3
   356 | D:1      | Reached XP level 2. HP: 15/22 MP: 5/5
   363 | D:1      | Learned a level 2 spell: Call Imp
   879 | D:1      | Reached skill level 1 in Fighting
  1304 | D:2      | Reached XP level 3. HP: 28/28 MP: 6/6
  1784 | D:2      | Found a runed door.
  1792 | D:2      | Learned a level 3 spell: Call Canine Familiar
  1793 | D:2      | Noticed Crazy Yiuf
  1814 | D:2      | Killed Crazy Yiuf
  1814 | D:2      | Reached XP level 4. HP: 17/35 MP: 1/7
  2322 | D:3      | Reached skill level 5 in Summonings
  2464 | D:3      | Reached XP level 5. HP: 41/41 MP: 9/9
  2510 | D:3      | Found a shattered altar of Ashenzari.
  2514 | D:3      | Saw a vision of the Shoals and the Snake Pit.
  2514 | D:3      | Noticed a merfolk
  2514 | D:3      | Noticed a mana viper
  2514 | D:3      | Noticed a merfolk
  2514 | D:3      | Noticed a naga
  2514 | D:3      | Noticed a hippogriff
  2514 | D:3      | Noticed a sea snake
  2514 | D:3      | Noticed a mana viper
  2514 | D:3      | Noticed a mana viper
  2514 | D:3      | Noticed a naga warrior
  2514 | D:3      | Noticed a shock serpent
  2515 | D:3      | Noticed a sea snake
  2517 | D:3      | Noticed a salamander
  2835 | D:4      | Reached XP level 6. HP: 35/50 MP: 10/10
  3234 | D:4      | Found a glowing silver altar of Zin.
  3479 | D:4      | Got an iridescent falchion
  3495 | D:4      | Found a sparkling altar of Nemelex Xobeh.
  3496 | D:4      | Identified the +5 falchion of the Whelk {speed, Dex+2} (You found it on level 4 of the Dungeon)
  3613 | D:5      | Entered Level 5 of the Dungeon
  3630 | D:5      | Found an ornate altar of the Wu Jian Council.
  3667 | D:5      | Reached skill level 6 in Summonings
  3706 | D:5      | Found a burning altar of Makhleb.
  4048 | D:5      | Noticed Ijyb
  4064 | D:5      | Killed Ijyb
  4067 | D:5      | Found a snail-covered altar of Cheibriados.
  4282 | D:5      | Your scales start taking on a golden yellow colour.
  4282 | D:5      | Reached XP level 7. HP: 49/56 MP: 12/12
  4358 | D:5      | Noticed Pikel
  4370 | D:5      | Killed Pikel
  4370 | D:5      | Reached skill level 7 in Summonings
  4442 | D:5      | Reached XP level 8. HP: 66/66 MP: 14/14
  4782 | D:6      | Noticed Sigmund
  5063 | D:6      | Killed Sigmund
  5171 | D:6      | Reached skill level 8 in Summonings
  5191 | D:6      | Reached skill level 5 in Fighting
  5191 | D:6      | Reached skill level 5 in Spellcasting
  5264 | D:6      | Reached skill level 5 in Dodging
  5378 | D:6      | Reached XP level 9. HP: 67/74 MP: 16/16
  5493 | D:6      | Found an opulent altar of Gozag.
  5601 | D:7      | Learned a level 4 spell: Summon Lightning Spire
  5606 | D:7      | Learned a level 4 spell: Summon Ice Beast
  5667 | D:7      | Found a staircase to the Ecumenical Temple.
  5675 | Temple   | Entered the Ecumenical Temple
  5818 | D:7      | Reached skill level 9 in Summonings
  5819 | D:7      | Found an ancient bone altar of Kikubaaqudgha.
  5921 | D:7      | Found a deep blue altar of Sif Muna.
  5929 | D:7      | Became a worshipper of Sif Muna the Loreminder
  6067 | D:7      | Found a flagged portal.
  6083 | Bailey   | Entered a bailey
  6442 | Bailey   | Noticed an orc knight
  6501 | Bailey   | Killed an orc knight
  6501 | Bailey   | Reached * piety under Sif Muna
  6872 | Bailey   | Noticed an orc knight
  6873 | Bailey   | Noticed an orc warlord
  7055 | Bailey   | Gained mutation: You have a beak for a mouth. [potion of mutation]
  7055 | Bailey   | Gained mutation: You occasionally shout uncontrollably at your foes. [potion of mutation]
  7072 | Bailey   | HP: 1/78 [orc warrior/war axe (21)]
  7082 | Bailey   | Reached XP level 10. HP: 3/84 MP: 2/19
  7198 | Bailey   | Reached skill level 10 in Summonings
  7449 | Bailey   | Killed an orc knight
  8132 | D:7      | Found a burning altar of Makhleb.
  8136 | D:7      | Found a blossoming altar of Fedhas.
  8369 | D:8      | Noticed Psyche
  8374 | D:8      | Killed Psyche
  8383 | D:8      | Noticed a two-headed ogre
  8413 | D:8      | Killed a two-headed ogre
  8413 | D:8      | Reached ** piety under Sif Muna
  8718 | D:8      | Found a staircase to the Lair.
  8747 | D:8      | Found a sacrificial altar of Ru.
  9169 | D:8      | Reached skill level 11 in Summonings
  9394 | D:9      | Reached skill level 1 in Invocations
  9422 | D:9      | Found a sparkling altar of Nemelex Xobeh.
  9504 | D:9      | Reached XP level 11. HP: 67/94 MP: 11/21
  9736 | D:9      | Found Caatygi's Antique Weapon Boutique.
  9881 | D:9      | Found a bloodstained altar of Trog.
 10661 | D:10     | Entered Level 10 of the Dungeon
 10947 | D:10     | Reached *** piety under Sif Muna
 11516 | D:11     | Noticed a five-headed hydra
 11711 | D:11     | Found a frozen archway.
 11775 | IceCv    | Entered an ice cave
 12098 | IceCv    | Reached skill level 12 in Summonings
 12265 | IceCv    | Mangled by a freezing wraith

Vault maps used:
D:1:      scummos_arrival_star, minmay_quantized
D:2:      uniq_crazy_yiuf_cottage
D:3:      kennysheep_slugbush, grunt_ashenzari_visionary
D:4:      kennysheep_little_box, zin_academy
D:5:      lemuel_doored_altar, kennysheep_slug_shrine, first_bread, basic_altar,
          uniq_ijyb, uniq_pikel
D:6:      grunt_gozag_statues, uniq_sigmund
D:7:      minmay_overflow_temple_star_quad, minmay_temple_entry_butterflies,
          enter_bailey_3, basic_altar
D:8:      minmay_four_partial_circles, kennysheep_mini_moat, dpeg_oklobed_lair,
          uniq_psyche
D:9:      overflow_temple_1_default, serial_shops, nicolae_shop_crystal,
          hangedman_fish_farm, hangedman_abyss_or_decor_clamps,
          nemelex_xobeh_ov_fountains_minmay
D:11:     portal_ice_cave_entry_imps
Temple:   minmay_temple_bridge_abc
Bailey:   bailey_axe_minmay_hex_keep, bailey
IceCv:    ice_cave_small_necro

Skill      XL: |  1  2  3  4  5  6  7  8  9 10 11 |
---------------+----------------------------------+-----
Dodging        | 2 3 4 5 6 7 |  7.9
Fighting       | 1 2 4 5 6 8 |  8.8
Summonings     | 5 6 7 8 9 11 12 | 12.0
Spellcasting   | 3 4 5 6 7 |  7.8
Invocations    | 1 3 |  3.4
Stealth        | |  1.7

Action                   |  1- 3 |  4- 6 |  7- 9 | 10-12 || total
-------------------------+-------+-------+-------+-------++-------
Melee: Unarmed           |    39 |       |       |       ||    39
       Tailslap          |     8 |    13 |    40 |    60 ||   121
       Dagger            |   128 |       |       |       ||   128
       Quarterstaff      |       |    98 |       |       ||    98
       Falchion          |       |    44 |   294 |   328 ||   666
       Peck              |       |       |     1 |    70 ||    71
 Cast: Summon Small Mamm |     5 |       |       |       ||     5
       Call Imp          |     4 |     2 |       |       ||     6
       Call Canine Famil |     1 |     2 |       |     3 ||     6
       Summon Ice Beast  |       |       |    13 |    18 ||    31
       Summon Lightning  |       |       |    10 |    24 ||    34
Invok: Divine Energy     |       |       |       |     1 ||     1
       Stop Divine Energ |       |       |       |     1 ||     1
 Abil: Breathe Acid      |       |       |    10 |     9 ||    19
Evoke: Wand              |       |       |     7 |     2 ||     9
  Use: Scroll            |     2 |       |     7 |    10 ||    19
       Potion            |       |       |     5 |     5 ||    10
 Stab: Sleeping          |     5 |     3 |     4 |     3 ||    15
       Paralysed         |       |     1 |       |       ||     1
       Petrified         |       |     2 |       |       ||     2
       Distracted        |       |       |       |     3 ||     3
  Eat: Chunk             |     3 |     9 |    10 |    20 ||    42
       Royal jelly       |       |       |     2 |     1 ||     3
       Meat ration       |       |       |       |     1 ||     1
Armor: Skin              |    57 |    35 |    62 |   109 ||   263
Dodge: Dodged            |   110 |    78 |   167 |   282 ||   637
       Rpst.: Falchion   |       |     8 |    51 |    70 ||   129
